 Dungeon Crawl Stone Soup version 0.21.0-24-g2553a33 (webtiles) character file.

260808 Gorglomux the Severer (level 19, -1/183 HPs)
             Began as a Deep Dwarf Fighter on Jan 20, 2018.
             Was the Champion of Makhleb.
             Killed from afar by a balrug (4 damage)
             ... with a fireball
             ... summoned by the player character
             ... on level 5 of the Vaults.
             The game lasted 00:26:11 (21779 turns).

Gorglomux the Severer (Deep Dwarf Fighter)         Turns: 21779, Time: 00:26:16

Health: -1/183     AC: 25    Str: 27    XL:     19   Next: 18%
Magic:  9/9        EV: 11    Int: 10    God:    Makhleb [******]
Gold:   133        SH: 17    Dex: 12    Spells: 18/18 levels left

rFire    + . .     SeeInvis .   b - +4 broad axe (freeze)
rCold    + . .     Gourm    .   x - +2 shield
rNeg     + . .     Faith    +   V - +0 plate armour
rPois    .         Spirit   .   O - +1 helmet (curse)
rElec    .         Reflect  .   X - scarf {rC+ rF+}
rCorr    +         Harm     .   v - +2 pair of gloves
MR       ++...                  N - +0 pair of boots {run}
Stlth    ..........             W - amulet of faith
HPRegen  0.00/turn              y - +3 ring of slaying {=R}
MPRegen  0.11/turn              g - ring of resist corrosion

@: non-regenerating, drained, quick
A: damage resistance, heal wounds, negative energy resistance 1, sense
surroundings 3, no regeneration
}: 2/15 runes: barnacled, gossamer
a: Heal Wounds, Minor Destruction, Lesser Servant of Makhleb, Major Destruction,
Greater Servant of Makhleb, Renounce Religion


You were on level 5 of the Vaults.
You worshipped Makhleb.
Makhleb was exalted by your worship.
You were not hungry.

You visited 7 branches of the dungeon, and saw 34 of its levels.
You visited 2 bazaars.

You collected 1700 gold pieces.
You spent 1567 gold pieces at shops.

Inventory:

Hand Weapons
 a - the +4 broad axe of Extremism {venom, Str+5 Int+4 Dex-3 SInv}
   (You acquired it on level 14 of the Dungeon)

   It poisons the flesh of those it strikes.
   It affects your strength (+5).
   It affects your intelligence (+4).
   It affects your dexterity (-3).
   It lets you see invisible.
 b - a +4 broad axe of freezing (weapon)
Missiles
 Z - 3 throwing nets (quivered)
Armour
 p - a +2 pair of boots
 v - a +2 pair of gloves (worn)
 x - a +2 shield (worn)
 N - a +0 pair of boots of running (worn)
 O - a cursed +1 helmet (worn)
 V - a +0 plate armour (worn)
 X - a scarf of resistance (worn)
Jewellery
 f - an uncursed ring of protection from fire
 g - a ring of resist corrosion (right hand)
 o - an uncursed ring of poison resistance
 y - a +3 ring of slaying (left hand) {=R}
 W - an amulet of faith (around neck)
Wands
 A - a wand of acid (13)
 D - a wand of digging (16)
 E - a wand of enslavement (25)
 I - a wand of iceblast (29)
 P - a wand of paralysis (30)
 S - a wand of scattershot (21)
Scrolls
 h - 4 scrolls of fear
 j - 13 scrolls of remove curse
 t - 2 scrolls of fog
 u - a scroll of immolation
 B - 2 scrolls of blinking
 K - a scroll of holy word
 M - 12 scrolls of magic mapping
 R - 2 scrolls of identify
 T - 4 scrolls of teleportation
 U - 2 scrolls of silence
 Y - a scroll of enchant armour
Potions
 d - 4 potions of might
 e - 6 potions of mutation {!q}
 i - 6 potions of agility
 k - 6 potions of heal wounds
 q - a potion of berserk rage
 s - 3 potions of ambrosia
 w - a potion of flight
 z - 3 potions of resistance
 C - a potion of invisibility
 G - 2 potions of haste
 J - a potion of brilliance
 L - 7 potions of lignification
 Q - 2 potions of curing
Miscellaneous
 F - a lightning rod (4/4)
Comestibles
 r - a chunk of flesh
 H - 56 rations


   Skills:
 + Level 14.6(14.0) Fighting
 - Level 18.0(17.4) Axes
 + Level 16.9(16.3) Armour
 + Level 7.5(7.0) Dodging
 + Level 16.9(16.3) Shields
 + Level 17.0(16.4) Invocations


You had 18 spell levels left.
You didn't know any spells.

Dungeon Overview and Level Annotations

Branches:
Dungeon (15/15)            Temple (1/1) D:6            Lair (5/6) D:10
 Shoals (4/4) Lair:3       Spider (4/4) Lair:4        Slime (0/5) Lair:5
    Orc (1/2) D:11         Vaults (5/5) D:13         Depths (0/5) D:15
  Crypt: Vaults:2-3

Altars:
Cheibriados
Dithmenos
Elyvilon
Gozag
Kikubaaqudgha
Makhleb
Nemelex Xobeh
Okawaru
Qazlal
Ru
Sif Muna
Trog
Vehumet
Wu Jian
Zin
The Shining One

Shops:
D:14 *   D:15 :   Vaults:5 %!!

Annotations:
Shoals:2 2 transporters


Innate Abilities, Weirdness & Mutations

You are resistant to damage.
You can heal yourself by infusing magical energy.
You resist negative energy. (rN+)
You passively map a large area around you.
You do not regenerate.


Message History

The bolt of dispelling energy butts you!!! * * * don't die
* * * The titan points at you and mumbles some strange words!
The bolt of lightning hits you!!! * * * don't die
* * * You hear a shout!!! x2; You hear two shouts!!!
You hear a shout!!!
You cut the quicksilver dragon into ribbons!
You freeze the quicksilver dragon!
The quicksilver dragon is heavily wounded!
Your plate armour prevents you from butt the titan!
You carve the vault guard but do no damage!
Your balrug gestures at the vault guard!
The fireball explodes!!!
The fireball engulfs the vault guard!
The fireball engulfs the ettin!
The fireball engulfs the quicksilver dragon!
The fireball engulfs the deep troll!
The deep troll dies!!!
Makhleb roars: ANNIHILATED!
The fireball engulfs butt!!!
You resist! rip

,,,, ....#....#.#* * ,, ,
......[.... , ***
#####......p.#### * , , ,
................ , , ,
,......<<......., ,, , ,
.....<^)<...... , , ,,,
,..C.u.<<)......,,
################pDu)))|.#########
#.#.#.#.#.#.#.#.@Cp...p..........
#.#.#.#.#.#.#2#.#....#..........
* #.#.#.#.#.#.#.##....#...#####..
**##.#########.#.#....#...#...#..
#.#.# ##.##....#...#...#))
###...### #.#....#...##'##()
#..[....## ,## #.....u))..
...).....## , #.....C()(.
..[.}.|...## * #...##C##..


You could see a titan, 2 very ugly things, a quicksilver dragon, a vault warden,
2 vault guards, an ettin, an ironbrand convoker and a friendly balrug.

Vanquished Creatures
  Bai Suzhen (Vaults:4)
  Frederick (Vaults:4)
  A golden dragon (Vaults:5)
  A tentacled monstrosity (Vaults:5)
  A quicksilver dragon (Vaults:5)
  The ghost of Tovarisch the Warrior, an adept MiGl of Okawaru (Vaults:1)
  2 sphinxes (Vaults:5)
  3 tengu reavers
  2 storm dragons (Vaults:5)
  2 krakens
  2 shadow dragons (Vaults:5)
  Ilsuiw (Shoals:4)
  A deep elf sorcerer (Vaults:5)
  An orc warlord (Vaults:4)
  A frost giant (Vaults:4)
  4 vault wardens
  2 ghost moths (Spider:4)
  Louise (Spider:1)
  7 emperor scorpions
  5 entropy weavers
  The ghost of Aviak the Harbinger of Death, a journeyman KoSk of Yredelemnul (D:14)
  A very ugly thing (Vaults:5)
  8 ironheart preservers
  A war gargoyle (Vaults:5)
  3 stone giants
  The ghost of Gorglomux the Protected, a journeyman DDFi of Makhleb (D:15)
  5 ettins
  A crystal guardian (Vaults:4)
  A merfolk javelineer (Shoals:4)
  4 merfolk impalers (Shoals:4)
  Snorg (Lair:5)
  A fire dragon (Vaults:1)
  A great orb of eyes (shapeshifter) (Vaults:1)
  7 ogre magi
  6 yaktaur captains
  A deep elf high priest (Vaults:5)
  An ice dragon (Vaults:4)
  13 vault guards (Vaults:5)
  3 ghost crabs (Lair:4)
  6 centaur warriors
  9 hydras
  A rakshasa (Vaults:1)
  Erica (Lair:1)
  5 merfolk aquamancers (Shoals:4)
  A queen ant (Lair:3)
  3 death knights
  3 merfolk avatars (Shoals:4)
  23 two-headed ogres
  An alligator snapping turtle (shapeshifter) (Vaults:5)
  5 death yaks (Lair:4)
  2 tengu warriors (D:15)
  A deep troll earth mage (Vaults:4)
  Sonja (Lair:4)
  Urug (D:12)
  3 deep elf knights
  5 fire crabs (Lair:4)
  2 shadow wraiths (Vaults:4)
  6 sea snakes (Shoals:4)
  An unseen horror (Vaults:1)
  A glowing orange brain (Vaults:1)
  An unseen horror (shapeshifter) (D:13)
  An obsidian statue (Vaults:1)
  6 deep trolls
  3 deep elf archers
  A wizard (D:14)
  5 orc knights
  4 harpies (Vaults:4)
  13 ironbrand convokers
  A phantasmal warrior (Vaults:5)
  10 ugly things
  8 orb spiders
  2 orc sorcerers
  9 wolf spiders
  7 fauns
  9 deep elf magi
  10 manticores
  A moth of wrath (shapeshifter) (Vaults:1)
  A moth of wrath (Spider:3)
  3 elephants (Lair:4)
  7 cyclopes
  9 merfolk sirens
  2 torpor snails
  7 water nymphs
  8 black mambas
  10 spiny frogs
  3 vault sentinels
  2 gargoyles
  An apocalypse crab (Lair:4)
  4 komodo dragons
  6 kobold demonologists
  A rime drake (shapeshifter) (D:15)
  20 yaktaurs
  4 demonic crawlers
  2 freezing wraiths (Vaults:1)
  A tengu conjurer (D:13)
  2 meliai (shapeshifter)
  A jumping spider (shapeshifter) (Vaults:5)
  14 jumping spiders
  7 trolls
  2 polar bears (Lair:3)
  4 hornets
  A blink frog (shapeshifter) (Vaults:4)
  9 merfolk
  23 slime creatures
  5 wind drakes
  12 blink frogs
  11 dream sheep
  13 hippogriffs
  5 snapping turtles
  A centaur simulacrum (D:15)
  38 redbacks
  5 wraiths
  3 shadows
  11 tarantellas
  A vampire (D:11)
  5 humans
  21 yaks
  2 water elementals (Shoals:4)
  4 hogs (D:7)
  2 steam dragons
  A yaktaur simulacrum (Vaults:1)
  4 basilisks
  2 hungry ghosts
  2 insubstantial wisps (D:8)
  A warg (Vaults:4)
  2 acid dragons
  22 soldier ants
  6 water moccasins
  A floating eye (shapeshifter) (Vaults:4)
  9 porcupines
  7 sky beasts
  17 orc warriors
  4 eyes of draining
  4 ice beasts
  2 black bears
  2 necrophages
  3 phantoms
  2 hornet zombies
  An eye of draining (shapeshifter) (D:13)
  12 centaurs
  17 ogres
  5 wolves (Lair:4)
  A boggart (D:13)
  10 big kobolds
  11 crocodiles
  13 bullfrogs
  7 scorpions
  15 killer bees
  3 wights (D:14)
  6 howler monkeys
  7 crimson imps
  4 bullfrog zombies
  5 centaur zombies
  A quasit (D:14)
  20 orc priests
  2 jellies (D:8)
  14 orc wizards
  4 centaur skeletons
  8 hounds
  2 bullfrog skeletons (D:13)
  6 iguanas
  27 worker ants
  A hound skeleton (D:4)
  A hound zombie (D:6)
  4 gnolls (D:8)
  16 adders
  3 shadow imps
  2 oozes
  5 worms
  2 dart slugs
  2 leopard geckos
  61 orcs
  2 ball pythons
  9 bats
  7 giant cockroaches
  11 goblins
  5 hobgoblins
  2 jackals (D:7)
  9 quokkas
  A frilled lizard (D:4)
  A jackal skeleton (D:7)
  35 kobolds
  26 rats
  3 crawling corpses (Vaults:5)
  2 fungi
  11 plants
  3 tentacles
1081 creatures vanquished.

Vanquished Creatures (collateral kills)
  A ghost moth (Spider:2)
  A merfolk javelineer (Shoals:4)
  A merfolk impaler (Shoals:4)
  A deep troll (Vaults:5)
  A wolf spider (Spider:2)
  A cyclops (Shoals:4)
  An orb spider (Spider:1)
  A water nymph (Shoals:4)
  A jumping spider (Spider:4)
  3 merfolk (Shoals:4)
  2 snapping turtles (Shoals:4)
  3 redbacks (Spider:4)
  A tarantella (Spider:4)
18 creatures vanquished.

Vanquished Creatures (others)
  A wraith (Vaults:1)
  An orc wizard (D:15)
  5 fungi
  18 plants
  9 tentacles
34 creatures vanquished.

Grand Total: 1133 creatures vanquished

Notes
Turn   | Place    | Note
-------+----------+-------------------------------------------
     0 | D:1      | Gorglomux the Deep Dwarf Fighter began the quest for the Orb.
     0 | D:1      | Reached XP level 1. HP: 20/20 MP: 1/1
   118 | D:1      | Reached XP level 2. HP: 25/27 MP: 2/2
   380 | D:1      | Reached skill level 3 in Fighting
   518 | D:1      | Reached XP level 3. HP: 18/34 MP: 3/3
   724 | D:2      | Found a white marble altar of Elyvilon.
  1102 | D:2      | Reached skill level 3 in Axes
  1107 | D:2      | Reached XP level 4. HP: 22/42 MP: 4/4
  1428 | D:3      | Reached XP level 5. HP: 28/49 MP: 4/4
  2265 | D:3      | Reached XP level 6. HP: 42/57 MP: 3/3
  2384 | D:4      | Reached skill level 4 in Axes
  2519 | D:4      | Got an ebony war axe
  2520 | D:4      | Identified the +9 war axe "Lophamy" {pain, rPois} (You found it on level 4 of the Dungeon)
  2774 | D:4      | Reached XP level 7. HP: 34/66 MP: 4/4
  3004 | D:5      | Entered Level 5 of the Dungeon
  3270 | D:5      | Reached skill level 5 in Axes
  3600 | D:6      | Reached skill level 6 in Armour
  3601 | D:6      | Reached skill level 6 in Shields
  3601 | D:6      | Reached XP level 8. HP: 55/74 MP: 5/5
  3641 | D:6      | Found a staircase to the Ecumenical Temple.
  3672 | Temple   | Entered the Ecumenical Temple
  3723 | Temple   | Became a worshipper of Makhleb the Destroyer
  3853 | D:6      | Reached skill level 6 in Axes
  4198 | D:7      | Noticed a hippogriff
  4208 | D:7      | Killed a hippogriff
  4208 | D:7      | Reached skill level 6 in Fighting
  4208 | D:7      | Gained mutation: You passively map the area around you. [Deep Dwarf growth]
  4208 | D:7      | Reached XP level 9. HP: 32/82 MP: 6/6
  4278 | D:7      | Reached skill level 7 in Axes
  4367 | D:7      | Reached * piety under Makhleb
  4644 | D:7      | Found a sacrificial altar of Ru.
  4748 | D:8      | Reached skill level 8 in Axes
  4975 | D:8      | Reached ** piety under Makhleb
  4995 | D:8      | Reached XP level 10. HP: 86/94 MP: 7/7
  5412 | D:8      | Found a radiant altar of Vehumet.
  5414 | D:8      | Found a snail-covered altar of Cheibriados.
  5606 | D:9      | Reached skill level 9 in Armour
  5615 | D:9      | Reached skill level 9 in Shields
  5633 | D:9      | Found a glowing golden altar of the Shining One.
  6339 | D:10     | Entered Level 10 of the Dungeon
  6459 | D:10     | Found a staircase to the Lair.
  6543 | D:10     | Reached skill level 9 in Axes
  7135 | D:11     | Noticed a gargoyle
  7144 | D:11     | Killed a gargoyle
  7176 | D:11     | Found a labyrinth entrance.
  7237 | D:11     | Reached *** piety under Makhleb
  7351 | D:11     | Reached skill level 1 in Invocations
  7408 | D:11     | Reached XP level 11. HP: 44/103 MP: 6/8
  7455 | D:11     | Noticed a red ugly thing
  7468 | D:11     | Killed a red ugly thing
  7859 | D:11     | Reached skill level 3 in Invocations
  7878 | D:11     | Reached **** piety under Makhleb
  7932 | D:11     | Found a staircase to the Orcish Mines.
  8174 | Orc:1    | Entered Level 1 of the Orcish Mines
  8287 | D:12     | Noticed Urug
  8306 | D:12     | Killed Urug
  8306 | D:12     | Reached skill level 10 in Axes
  9044 | D:12     | Noticed a deep elf mage
  9051 | D:12     | Killed a deep elf mage
  9115 | D:13     | Killed an unseen horror
  9115 | D:13     | Reached skill level 9 in Fighting
  9167 | D:13     | Noticed a two-headed ogre
  9176 | D:13     | Killed a two-headed ogre
  9210 | D:13     | Noticed a green ugly thing
  9216 | D:13     | Noticed a white ugly thing
  9217 | D:13     | Reached skill level 6 in Invocations
  9217 | D:13     | Reached XP level 12. HP: 114/114 MP: 10/10
  9246 | D:13     | Reached ***** piety under Makhleb
  9433 | D:13     | Identified the Handbook of Shifting Battle Magic
  9494 | D:13     | Noticed a centaur warrior
  9494 | D:13     | Noticed a seven-headed hydra
  9513 | D:13     | Killed a seven-headed hydra
  9513 | D:13     | Reached skill level 11 in Axes
  9513 | D:13     | Killed a centaur warrior
  9800 | D:13     | Noticed a two-headed ogre
  9805 | D:13     | Killed a two-headed ogre
  9808 | D:13     | Found a gate to the Vaults.
  9891 | D:13     | Noticed a centaur warrior
  9904 | D:13     | Killed a centaur warrior
 10200 | D:14     | Found Ralower's Pet Rocks.
 10311 | D:14     | Noticed a centaur warrior
 10321 | D:14     | Killed a centaur warrior
 10354 | D:14     | Reached XP level 13. HP: 85/123 MP: 12/12
 10356 | D:14     | Reached skill level 12 in Armour
 10364 | D:14     | Reached skill level 12 in Shields
 10365 | D:14     | Identified a scroll of acquirement
 10366 | D:14     | Got a fine broad axe
 10367 | D:14     | Identified the +4 broad axe of Extremism {venom, Str+5 Int+4 Dex-3 SInv} (You acquired it on level 14 of the Dungeon)
 10403 | D:14     | Reached skill level 9 in Invocations
 10551 | D:14     | Reached skill level 12 in Axes
 10593 | D:14     | Paralysed by a hornet for 1 turns
 10657 | D:14     | Noticed Aviak's ghost (journeyman KoSk)
 10723 | D:14     | Killed Aviak's ghost
 10781 | D:14     | Reached ****** piety under Makhleb
 11099 | D:15     | Entered Level 15 of the Dungeon
 11255 | D:15     | Found Piano's Book Shop.
 11427 | D:15     | Noticed an ettin
 11436 | D:15     | Killed an ettin
 11492 | D:15     | Noticed Gorglomux's ghost (journeyman DDFi)
 11528 | D:15     | Killed Gorglomux's ghost
 11605 | D:15     | Found a staircase to the Depths.
 11719 | D:15     | Found a bloodstained altar of Trog.
 12065 | Lair:1   | Entered Level 1 of the Lair of Beasts
 12094 | Lair:1   | Gained mutation: You resist negative energy. (rN+) [Deep Dwarf growth]
 12094 | Lair:1   | Reached XP level 14. HP: 59/135 MP: 11/13
 12247 | Lair:1   | Noticed Erica
 12255 | Lair:1   | Killed Erica
 12359 | Lair:1   | Found a deep blue altar of Sif Muna.
 13084 | Lair:2   | Reached skill level 13 in Axes
 13825 | Lair:3   | Found a staircase to the Shoals.
 13848 | Lair:3   | Got a blackened war axe
 13849 | Lair:3   | Identified the +7 war axe of Objectivity {chop, MR++} (You found it on level 3 of the Lair of Beasts)
 14441 | Lair:4   | Noticed Sonja
 14453 | Lair:4   | Killed Sonja
 14737 | Lair:4   | Reached skill level 12 in Invocations
 14922 | Lair:4   | Found a hole to the Spider Nest.
 15010 | Lair:4   | Found a runed door.
 15194 | Lair:4   | Noticed an entropy weaver
 15211 | Lair:4   | Killed an entropy weaver
 15211 | Lair:4   | Reached XP level 15. HP: 123/144 MP: 15/15
 15216 | Lair:4   | Reached skill level 12 in Fighting
 15589 | Lair:4   | Found the +3 Elemental Staff {rElec rF++ rC++ MR++ AC+5}
 15739 | Lair:5   | Noticed Snorg
 15752 | Lair:5   | Killed Snorg
 15778 | Lair:5   | Reached skill level 14 in Axes
 15923 | Spider:1 | Entered Level 1 of the Spider Nest
 15937 | Spider:1 | Noticed Louise
 15957 | Spider:1 | Killed Louise
 16016 | Spider:2 | Killed a ghost moth
 16348 | Spider:4 | Entered Level 4 of the Spider Nest
 16477 | Spider:4 | Noticed a ghost moth
 16488 | Spider:4 | Killed a ghost moth
 16489 | Spider:4 | Noticed a ghost moth
 16500 | Spider:4 | Killed a ghost moth
 16521 | Spider:4 | Reached XP level 16. HP: 59/154 MP: 3/15
 16604 | Spider:4 | Got a gossamer rune of Zot
 16802 | Shoals:1 | Entered Level 1 of the Shoals
 16960 | Shoals:2 | Found a transporter.
 17001 | Shoals:2 | Reached skill level 15 in Armour
 17003 | Shoals:2 | Reached skill level 15 in Shields
 17088 | Shoals:2 | Found a transporter.
 17301 | Shoals:2 | Noticed a kraken
 17307 | Shoals:2 | Killed a kraken
 17429 | Shoals:2 | Found a flickering gateway to a bazaar.
 17568 | Bazaar   | Entered a bazaar
 17568 | Bazaar   | Found Iklith's General Store.
 17568 | Bazaar   | Found Saebbur's Food Shoppe.
 17568 | Bazaar   | Found Cesygub's Weapon Shoppe.
 17568 | Bazaar   | Found Gaenosh's Distillery.
 17568 | Bazaar   | Found Joamaq's Magic Scroll Emporium.
 17568 | Bazaar   | Found Wyimahudd's Food Shoppe.
 17588 | Bazaar   | Bought a potion of curing for 39 gold pieces
 17588 | Bazaar   | Bought a potion of mutation for 104 gold pieces
 17588 | Bazaar   | Bought a potion of agility for 52 gold pieces
 17588 | Bazaar   | Bought 2 potions of ambrosia for 208 gold pieces
 17588 | Bazaar   | Bought a potion of mutation for 104 gold pieces
 17742 | Shoals:4 | Entered Level 4 of the Shoals
 17774 | Shoals:4 | Reached skill level 15 in Axes
 17952 | Shoals:4 | Noticed Ilsuiw
 18333 | Shoals:4 | Killed Ilsuiw
 18364 | Shoals:4 | Reached skill level 15 in Invocations
 18375 | Shoals:4 | Noticed a kraken
 18391 | Shoals:4 | Killed a kraken
 18398 | Shoals:4 | Got a barnacled rune of Zot
 18733 | Vaults:1 | Entered Level 1 of the Vaults
 18888 | Vaults:1 | Reached XP level 17. HP: 80/164 MP: 10/10
 19115 | Vaults:1 | Noticed Tovarisch's ghost (adept MiGl)
 19128 | Vaults:1 | Reached skill level 16 in Axes
 19201 | Vaults:1 | Killed Tovarisch's ghost
 19765 | Vaults:1 | Reached skill level 17 in Axes
 19992 | Vaults:2 | You fall through a shaft for 2 floors!
 20194 | Vaults:4 | Reached skill level 18 in Axes
 20204 | Vaults:4 | Reached skill level 1 in Dodging
 20400 | Vaults:4 | Noticed Frederick
 20423 | Vaults:4 | Killed Frederick
 20531 | Vaults:4 | Reached skill level 3 in Dodging
 20701 | Vaults:4 | Gained mutation: You passively map a large area around you. [Deep Dwarf growth]
 20701 | Vaults:4 | Reached XP level 18. HP: 174/174 MP: 9/9
 20908 | Vaults:4 | Found a gateway to a bazaar.
 20945 | Bazaar   | Entered a bazaar
 20948 | Bazaar   | Found Durijyr's Book Shop.
 20958 | Bazaar   | Found Fozoovul's Food Shop.
 20966 | Bazaar   | Found Xusomey's General Store.
 20973 | Bazaar   | Bought a scroll of brand weapon for 200 gold pieces
 20974 | Bazaar   | Found Zakhlokudwy's Magic Scroll Shoppe.
 20982 | Bazaar   | Bought a scroll of magic mapping for 42 gold pieces
 20982 | Bazaar   | Bought a scroll of enchant armour for 90 gold pieces
 20982 | Bazaar   | Bought a scroll of teleportation for 36 gold pieces
 20982 | Bazaar   | Bought a scroll of blinking for 90 gold pieces
 20982 | Bazaar   | Bought a scroll of magic mapping for 42 gold pieces
 21019 | Vaults:4 | Noticed Bai Suzhen
 21046 | Vaults:4 | Killed Bai Suzhen
 21285 | Vaults:5 | Entered Level 5 of the Vaults
 21313 | Vaults:5 | Found Syquq's Distillery.
 21322 | Vaults:5 | Bought 2 potions of heal wounds for 200 gold pieces
 21322 | Vaults:5 | Bought a potion of curing for 60 gold pieces
 21322 | Vaults:5 | Bought a potion of heal wounds for 100 gold pieces
 21322 | Vaults:5 | Bought a potion of haste for 200 gold pieces
 21326 | Vaults:5 | Found Mompirag's Distillery.
 21326 | Vaults:5 | Noticed a golden dragon
 21331 | Vaults:5 | Killed a golden dragon
 21351 | Vaults:5 | Reached skill level 6 in Dodging
 21439 | Vaults:5 | Noticed a tentacled monstrosity
 21448 | Vaults:5 | Killed a tentacled monstrosity
 21489 | Vaults:5 | Found Juug's Food Shop.
 21556 | Vaults:5 | Reached XP level 19. HP: 108/183 MP: 9/9
 21672 | Vaults:5 | Identified a +0 pair of boots of running (You found it on level 5 of the Vaults)
 21778 | Vaults:5 | HP: 3/183 [titan/bolt of lightning (51)]
 21779 | Vaults:5 | Killed from afar by a balrug

Skill      XL: |  1  2  3  4  5  6  7  8  9 10 11 12 13 14 15 16 17 18 19 |
---------------+----------------------------------------------------------+-----
Fighting       | 3 4 5 6 7 8 9 10 11 12 13 14 | 14.6
Axes           | 3 4 5 6 8 9 10 11 12 13 14 15 18 | 18.0
Armour         | 4 5 6 7 8 9 10 11 12 13 14 15 16 | 16.9
Shields        | 4 5 6 7 8 9 10 11 12 13 14 15 16 | 16.9
Invocations    | 1 6 8 10 12 13 15 16 17 | 17.0
Dodging        | 3 7 |  7.5

Action                   |  1- 3 |  4- 6 |  7- 9 | 10-12 | 13-15 | 16-18 | 19-21 || total
-------------------------+-------+-------+-------+-------+-------+-------+-------++-------
Melee: War axe           |   162 |   236 |   240 |   673 |     9 |       |       ||  1320
       Broad axe         |       |       |       |       |  1068 |  1295 |   102 ||  2465
Invok: Minor Destruction |       |       |       |    10 |    49 |     1 |       ||    60
       Lesser Servant of |       |       |       |       |     8 |     5 |       ||    13
       Greater Servant o |       |       |       |       |       |     1 |     2 ||     3
 Abil: Heal Wounds       |       |     4 |     5 |    14 |    22 |    31 |     6 ||    82
Evoke: Wand              |       |       |       |     6 |     6 |     4 |       ||    16
       Lightning rod     |       |       |       |       |     7 |       |       ||     7
  Use: Scroll            |       |       |       |    25 |    13 |    10 |     5 ||    53
       Potion            |       |       |       |       |     8 |     8 |       ||    16
 Stab: Distracted        |       |       |       |       |     3 |     4 |       ||     7
  Eat: Chunk             |     1 |     6 |     8 |    20 |    18 |    18 |       ||    71
       Ration            |       |       |       |       |     1 |       |     1 ||     2
Armor: Scale mail        |    79 |   110 |    62 |       |       |       |       ||   251
       Plate armour      |       |       |    46 |   407 |  1042 |   699 |    79 ||  2273
Dodge: Dodged            |    44 |    76 |    67 |   152 |   421 |   324 |    50 ||  1134
Block: Shield            |    82 |   148 |   145 |   414 |   954 |   925 |   109 ||  2777
